 Dungeon Crawl Stone Soup version 0.27-a0-1273-gec92ba881d (webtiles) character file.

Game seed: 7572108184431454023

219 zero the Chopper (level 5, -6/46 HPs)
             Began as a Deep Dwarf Fighter on June 11, 2021.
             Mangled by an orc warrior
             ... wielding a +0 trident
              (8 damage)
             ... on level 4 of the Dungeon.
             The game lasted 00:01:48 (466 turns).

zero the Chopper (Deep Dwarf Fighter)                Turns: 466, Time: 00:01:49

Health: -6/46      AC:  9    Str: 21    XL:     5   Next: 64%
Magic:  4/4        EV:  5    Int:  8    God:
Gold:   46         SH:  9    Dex: 12    Spells: 4/4 levels left

rFire    . . .     SeeInvis .   a - +0 war axe
rCold    . . .     Faith    .   c - +0 kite shield
rNeg     . . .     Spirit   .   h - +0 chain mail
rPois    .         Reflect  .   (no helmet)
rElec    .         Harm     .   (no cloak)
rCorr    .         Rampage  .   (no gloves)
Will     .....                  (no boots)
Stlth    ..........             (no amulet)
HPRegen  0.00/turn              (no ring)
MPRegen  0.09/turn              (no ring)

@: no status effects
A: damage resistance, heal wounds, sense surroundings 1, no regeneration
a: Heal Wounds


You were on level 4 of the Dungeon.
You visited 1 branch of the dungeon, and saw 4 of its levels.

You collected 46 gold pieces.

Inventory:

Hand Weapons
 a - a +0 war axe (weapon)
Armour
 c - a +0 kite shield (worn)
 h - a +0 chain mail (worn)
Jewellery
 b - a ring of protection from cold
Scrolls
 e - a scroll of teleportation {unknown}
 f - a scroll of identify {unknown}
 g - a scroll of vulnerability {unknown}
Potions
 d - a potion of might


   Skills:
 - Level 2.6 Fighting
 + Level 6.6 Axes
 - Level 3.2 Armour
 - Level 3.2 Shields


You had 4 spell levels left.
You didn't know any spells.
Your spell library was empty.

Dungeon Overview and Level Annotations

Branches:
Dungeon (4/15)
 Temple: D:4-7

Altars:

Shops:
D:2 (   D:3 *


Innate Abilities, Weirdness & Mutations

You are resistant to damage.
You can heal yourself by infusing magical energy.
You passively map a small area around you.
You do not regenerate.


Message History

The black bear claws you but does no damage.
You block the black bear's attack.
An orc comes into view. It is wielding a +0 whip.
The black bear bites you!
The black bear claws you but does no damage.
The black bear claws you.
You are too injured to fight recklessly!
You are too injured to fight recklessly!
You feel much better. The black bear bites you.
You block the black bear's attack. x2
You hit the black bear.
You kill the black bear!
Your Axes skill increases to level 6!
You have reached level 5!
An orc wizard comes into view. It is wielding a +0 dagger.
The orc warrior hits you from afar with a +0 trident!
An endoplasm comes into view.
The orc warrior barely misses you.
You barely miss the orc warrior.
The endoplasm quivers.
The orc warrior hits you but does no damage.
You hit the orc warrior but do no damage.
The orc warrior hits you with a +0 trident!
The orc wizard gestures wildly while chanting.
The orc wizard flickers and vanishes!
Deactivating autopickup; reactivate with Ctrl-A.
An orc comes into view. It is wielding a +0 whip.
The orc warrior hits you with a +0 trident!
Your chain mail prevents you from hitting the orc warrior.
The orc warrior hits you with a +0 trident!
* * * LOW HITPOINT WARNING * * *
You closely miss the orc warrior. The orc warrior barely misses you.
The orc warrior hits you with a +0 trident.
* * * LOW HITPOINT WARNING * * *
You closely miss the orc warrior. You block the orc warrior's attack.
You hit the orc warrior but do no damage.
You block the orc warrior's attack.
You closely miss the orc warrior.
The orc warrior hits you with a +0 trident!
You die...

...#.†.............#...<........
.#...#..##..########......##..##*
..###.......# #..##........ ..#
#..###.#########..##...###
..'##.......).....(...##..## , ,
#...#.#[#.#########.###..#
#.#...#.#.# #.....# ...# _
.#.).......# #.###.# ..#,
.#.#...#.### #@# #.# , ##...#.#.#
#o# #.# * ..'##..#.# #o# #.# ,, *
..# #..#.# #l# #.# ..###..#.#
,#{# #.# .#...#.#.#


oJ# .# * , ...#...#.# #.. * , ####.#.#.## #.# , , , , # #...#..#* , You could
see an orc warrior, an iguana, 2 orcs and an endoplasm.

Vanquished Creatures
  A black bear (D:4)
  A necrophage (D:4)
  An orc wizard (D:4)
  2 adder skeletons (D:4)
  2 endoplasms
  2 goblins
  2 hobgoblins
  2 kobolds
  A ball python (D:2)
  2 frilled lizards (D:2)
16 creatures vanquished.

Notes
Turn   | Place    | Note
-------+----------+-------------------------------------------
     0 | D:1      | zero the Deep Dwarf Fighter began the quest for the Orb.
     0 | D:1      | Reached XP level 1. HP: 20/20 MP: 1/1
    64 | D:2      | Found Peojay's Weapon Shoppe.
   102 | D:3      | Reached skill level 3 in Axes
   203 | D:3      | Found Kurrauwi's Assorted Antiques.
   253 | D:4      | Reached XP level 2. HP: 17/27 MP: 2/2
   286 | D:4      | Noticed a necrophage
   310 | D:4      | Killed a necrophage
   311 | D:4      | Reached skill level 5 in Axes
   311 | D:4      | Reached XP level 3. HP: 8/33 MP: 3/3
   311 | D:4      | Reached XP level 4. HP: 9/40 MP: 4/4
   450 | D:4      | Noticed a black bear
   454 | D:4      | Noticed an orc warrior
   457 | D:4      | Killed a black bear
   458 | D:4      | Reached skill level 6 in Axes
   458 | D:4      | Reached XP level 5. HP: 44/46 MP: 4/4
   463 | D:4      | HP: 2/46 [orc warrior/+0 trident (3)]
   466 | D:4      | Mangled by an orc warrior

Illustrated notes

Levels and vault maps discovered:
D:1:      dpeg_arrival_three_bigger_balls, layout_rooms, minmay_cut_off
D:2:      layout_loops_ring, shapermc_ecumenical_altar_starsandcircs,
          serial_shops, shop
D:3:      layout_rooms, serial_shops, shop, serial_park_tiny_2,
          kennysheep_orc_chapel
D:4:      layout_loops_ring, jmf_multi_god_temple2,
          chequers_hall_statues_wall_a, minmay_fractal_squares_diagonal_5

Skill      XL: |  1  2  3  4 |
---------------+-------------+-----
Axes           | 3 5 6 |  6.6
Fighting       | |  2.6
Armour         | |  3.2
Shields        | |  3.2

Action                   |  1- 3 |  4- 6 || total
-------------------------+-------+-------++-------
Melee: War axe           |    56 |    24 ||    80
 Abil: Heal Wounds       |       |     3 ||     3
Armor: Scale mail        |    17 |       ||    17
       Chain mail        |    17 |    16 ||    33
Dodge: Dodged            |    13 |     9 ||    22
Block: Kite shield       |    24 |    15 ||    39

Table legend: (Time is in decaauts)
 A = Elapsed time spent in this place.
 B = Non-inter-level travel time spent in this place.
 C = Inter-level travel time spent in this place.
 D = Time resting spent in this place.
 E = Time spent auto-exploring this place.
 F = Levels seen in this place.
 G = Mean time per level.
                   A        B        C        D        E       F      G
               +--------+--------+--------+--------+--------+-----+--------+
         Total |    507 |    479 |     28 |    100 |    173 |   4 |  126.8 |
       Dungeon |    507 |    479 |     28 |    100 |    173 |   4 |  126.8 |
               +--------+--------+--------+--------+--------+-----+--------+

Top non-repeatable levels by time:
     D:4: 275 daAuts
     D:3: 124 daAuts
     D:2: 60 daAuts
     D:1: 47 daAuts
